 Dungeon Crawl Stone Soup version 0.30-a0-1043-g60ff8d5f49 (webtiles) character file.

Game seed: 2154423114909821376

597 DeathPants the Sneak (level 7, -1/55 HPs)
             Began as a Naga Venom Mage on Apr 9, 2023.
             Was a Follower of Kikubaaqudgha.
             Slain by a water moccasin (4 damage)
             ... on level 5 of the Dungeon.
             The game lasted 00:18:39 (4747 turns).

DeathPants the Sneak (Naga Venom Mage)              Turns: 4747, Time: 00:18:40

Health: -1/55      AC:  6    Str: 12    XL:     7   Next: 40%
Magic:  9/10       EV:  9    Int: 16    God:    Kikubaaqudgha [*.....]
Gold:   231        SH:  0    Dex: 11    Spells: 4/10 levels left

rFire   . . .      SeeInvis +    a - +2 hand axe (heavy)
rCold   . . .      Faith    .    (no shield)
rNeg    . . .      Spirit   .    x - +0 robe
rPois   +          Reflect  .    h - +2 helmet
rElec   .          Rampage  .    (no cloak)
rCorr   .                        (no gloves)
Will    .....                    (no barding)
Stlth   +++                      (no amulet)
HPRegen 0.29/turn                (no ring)
MPRegen 0.12/turn                (no ring)

@: lethally poisoned (-1 -> -6), very slow
A: AC +2, large, see invisible, deformed body, poison resistance, slowness 2,
spit poison 1, naga tail 1
a: Spit Poison, Renounce Religion, Unearth Wretches


You were on level 5 of the Dungeon.
You worshipped Kikubaaqudgha.
Kikubaaqudgha was aware of your devotion.
You visited 2 branches of the dungeon, and saw 7 of its levels.

You collected 231 gold pieces.

Inventory:

Hand Weapons
 a - a +2 heavy hand axe (weapon)
 b - a +0 hand axe
Missiles
 c - 2 poisoned darts
Armour
 h - a +2 helmet (worn)
 x - a +0 robe (worn)
Wands
 g - a wand of polymorph (5)
 k - a wand of flame (12)
 t - a wand of acid (8)
Scrolls
 m - a scroll of identify
Potions
 d - 2 potions of magic
 e - a potion of cancellation
 f - a potion of heal wounds
 i - a potion of attraction
 j - a potion of haste
 l - a potion of brilliance {unknown}
 p - 4 potions of mutation


   Skills:
 - Level 1.5 Dodging
 + Level 7.5 Stealth
 - Level 2.0 Spellcasting
 * Level 3.0 Conjurations
 - Level 1.0 Transmutations
 - Level 4.0 Air Magic
 - Level 6.0 Poison Magic


You had 4 spell levels left.
You knew the following spells:

 Your Spells              Type           Power      Damage    Failure   Level
a - Sting                 Tmut/Pois      48%        1d5       4%          1
b - Poisonous Vapours     Pois/Air       34%        N/A       4%          2
c - Mephitic Cloud        Conj/Pois/Air  15%        N/A       11%         3

Your spell library contained the following spells:

 Spells                   Type           Power      Damage    Failure   Level
 Olgreb's Toxic Radiance  Pois           20%        N/A       17%         4
 Necrotise                Necr           4%         1d4       21%         1
 Sublimation of Blood     Necr           1%         N/A       30%         2
 Vampiric Draining        Necr           1%         2d6       52%         3
 Animate Dead             Necr           1%         N/A       90%         4
 Summon Forest            Summ/Tloc      0%         N/A       99%         5
 Eringya's Noxious Bog    Tmut/Pois      6%         N/A       100%        6
 Summon Hydra             Summ           0%         N/A       100%        7


Dungeon Overview and Level Annotations

Branches:
Dungeon (6/15)             Temple (1/1) D:4

Altars:
Kikubaaqudgha
Uskayaw
Yredelemnul

Shops:
D:3 =   D:4 =

Annotations:
D:4 Menkaure


Innate Abilities, Weirdness & Mutations

Your serpentine skin is tough. (AC +2)
You have supernaturally acute eyesight. (SInv)
Armour fits poorly on your strangely shaped body.
Your system is resistant to poisons. (rPois)
You cover ground very slowly.
You can spit poison.
You have a snake-like lower body.


Message History

The adder bites you but does no damage.
The water moccasin bites you but does no damage.
The adder closely misses you. The water moccasin bites you.
You are poisoned.
The water moccasin poisons you!
You hit the water moccasin.
The water moccasin is lightly wounded.
You closely miss the adder.
You feel very sick. The adder bites you. The water moccasin closely misses you.
The adder closely misses you. The water moccasin bites you.
The adder bites you. The water moccasin barely misses you.
You slash the water moccasin!
The water moccasin is severely wounded.
You barely miss the adder.
You feel very sick. The adder barely misses you. The water moccasin bites you.
The adder closely misses you. The water moccasin closely misses you.
The adder bites you.
* * * LOW HITPOINT WARNING * * *
You closely miss the water moccasin.
The water moccasin is severely wounded.
You barely miss the adder.
You feel very sick.
The adder looks more healthy.
The water moccasin bites you but does no damage.
The adder bites you but does no damage. The water moccasin misses you.
The adder bites you but does no damage. The water moccasin barely misses you.
You miss the water moccasin.
The water moccasin is severely wounded.
You barely miss the adder.
You feel sick. The water moccasin bites you.
* * * LOW HITPOINT WARNING * * *
The adder bites you.
* * * LOW HITPOINT WARNING * * *
You are more poisoned.
The adder poisons you! The water moccasin bites you.
* * * LOW HITPOINT WARNING * * *
The adder barely misses you. The water moccasin bites you.
You die...
Kikubaaqudgha rasps: "You have failed me!
Welcome... death!"

.######## ##..........####
........# #..............#
≈≈≈≈≈≈..# #.............#
.≈≈≈≈≈≈.# ##.............#
...._≈≈.## #...........=...
.≈≈≈≈≈≈..## ##..............
≈≈≈≈≈≈....######........#...s
.............####S.....#####S
#..[.....†.....#@S.....#
.................#....##
................###..##
...............## #.#
...............# ##
#..............#
#............### .........#
........#


You could see a water moccasin and an adder.

Vanquished Creatures
  Grinder (D:4)
  A water moccasin (D:5)
  A scorpion (D:5)
  A jelly (D:5)
  An orc priest (D:4)
  2 orc wizards
  Robin (D:4)
  A gnoll (D:5)
  4 adders
  A shadow imp (D:6)
  3 worms
  3 dart slugs
  6 orcs
  9 endoplasms
  4 giant cockroaches
  12 goblins
  7 hobgoblins
  4 quokkas
  8 ball pythons
  4 bats
  A frilled lizard (D:3)
  6 kobolds
  5 rats
86 creatures vanquished.

Notes
Turn   | Place    | Note
-------+----------+-------------------------------------------
     0 | D:1      | DeathPants the Naga Venom Mage began the quest for the Orb.
     0 | D:1      | Reached XP level 1. HP: 15/15 MP: 3/3
   336 | D:1      | Reached XP level 2. HP: 18/22 MP: 0/5
   339 | D:1      | Learned a level 2 spell: Poisonous Vapours
   405 | D:1      | You fall into a shaft and drop 1 floor!
   804 | D:1      | Reached skill level 5 in Poison Magic
   804 | D:1      | Reached XP level 3. HP: 20/28 MP: 2/6
  1254 | D:1      | Reached skill level 4 in Stealth
  1743 | D:2      | Reached XP level 4. HP: 27/36 MP: 2/7
  2049 | D:3      | Learned a level 3 spell: Mephitic Cloud
  2171 | D:3      | Found Weloch's Jewellery Shop.
  2660 | D:4      | Noticed Menkaure
  3248 | D:4      | Found a staircase to the Ecumenical Temple.
  3296 | Temple   | Entered the Ecumenical Temple
  3333 | Temple   | Became a worshipper of Kikubaaqudgha
  3372 | D:4      | Noticed Robin
  3446 | D:3      | Reached skill level 1 in Air Magic
  3577 | D:4      | Killed Robin
  3578 | D:4      | Reached skill level 5 in Stealth
  3636 | D:4      | Reached XP level 5. HP: 42/42 MP: 5/8
  3753 | D:5      | Entered Level 5 of the Dungeon
  3956 | D:4      | Found Joararch's Jewellery Boutique.
  3956 | D:4      | Noticed Grinder
  3964 | D:4      | Reached * piety under Kikubaaqudgha
  3964 | D:4      | Received a gift from Kikubaaqudgha
  3971 | D:4      | HP: 1/42 [Grinder (6)]
  3977 | D:4      | Killed Grinder
  3978 | D:4      | Reached skill level 6 in Stealth
  3978 | D:4      | Reached XP level 6. HP: 6/49 MP: 5/9
  4305 | D:5      | Reached skill level 7 in Stealth
  4305 | D:5      | Reached skill level 1 in Conjurations
  4305 | D:5      | Reached XP level 7. HP: 34/55 MP: 6/10
  4543 | D:5      | Found a hide-covered altar of Uskayaw.
  4747 | D:5      | Slain by a water moccasin

Illustrated notes

Levels and vault maps discovered:
D:1:      dpeg_arrival_connections, layout_basic
D:2:      layout_rooms
D:3:      layout_basic, serial_shops, shop_statue
D:4:      layout_rooms, lightli_temple_of_fire, minmay_temple_entry_statues,
          serial_shops, nicolae_shop_competitors_out_of_business, uniq_robin,
          uniq_grinder, uniq_menkaure, uniq_eustachio
D:5:      layout_cave_pods, mainiacjoe_overflow_catwalk, st_stairs_7,
          uniq_edmund, uniq_crazy_yiuf_cottage
D:6:      layout_cave_pools, grunt_gozag_statues, minmay_manual_moon,
          uniq_sigmund
Temple:   minmay_temple_curvy_branch

Skill      XL: |  1  2  3  4  5  6  7 |
---------------+----------------------+-----
Poison Magic   | 5 6 |  6.0
Stealth        | 4 5 6 7 |  7.5
Air Magic      | 1 4 |  4.0
Conjurations   | 1 3 |  3.0
Dodging        | |  1.5
Spellcasting   | |  2.0
Transmutations | |  1.0

Action                     |  1- 3 |  4- 6 |  7- 9 || total
---------------------------+-------+-------+-------++-------
  Melee: Hand axe          |    47 |    72 |    14 ||   133
   Cast: Sting             |    46 |    60 |    11 ||   117
         Poisonous Vapours |       |     1 |       ||     1
    Use: Scroll            |       |    16 |       ||    16
         Potion            |       |     3 |       ||     3
   Stab: Sleeping          |     2 |     2 |       ||     4
         Invisible         |       |     1 |       ||     1
 Armour: Robe              |    11 |    47 |    16 ||    74
  Dodge: Dodged            |    42 |    47 |    18 ||   107

Table legend: (Time is in decaauts)
 A = Elapsed time spent in this place.
 B = Non-inter-level travel time spent in this place.
 C = Inter-level travel time spent in this place.
 D = Time resting spent in this place.
 E = Time spent auto-exploring this place.
 F = Levels seen in this place.
 G = Mean time per level.
                   A        B        C        D        E       F      G
               +--------+--------+--------+--------+--------+-----+--------+
         Total |   5849 |   5684 |    165 |    688 |   3628 |   7 |  835.6 |
       Dungeon |   5764 |   5627 |    137 |    688 |   3585 |   6 |  960.7 |
        Temple |     85 |     57 |     28 |      0 |     42 |   1 |   85.0 |
               +--------+--------+--------+--------+--------+-----+--------+

Top non-repeatable levels by time:
     D:3: 1828 daAuts
     D:1: 1480 daAuts
     D:2: 993 daAuts
     D:4: 829 daAuts
     D:5: 624 daAuts
  Temple: 85 daAuts
     D:6: 8 daAuts
